 Dungeon Crawl Stone Soup version 0.28-a0-578-g717728bcc0 (webtiles) character file.

Game seed: 14352432839732438616

249 Conn the Firebug (level 6, 0/36 HPs)
             Began as an Octopode Fire Elementalist on Oct 2, 2021.
             Slain by an orc (9 damage)
             ... on level 3 of the Dungeon.
             The game lasted 00:06:56 (3242 turns).

Conn the Firebug (Octopode Fire Elementalist)       Turns: 3242, Time: 00:06:56

Health: 0/36       AC:  1    Str:  8    XL:     6   Next: 12%
Magic:  10/10      EV: 13    Int: 19    God:
Gold:   150        SH:  0    Dex: 12    Spells: 3/10 levels left

rFire   . . .      SeeInvis .   l - +4 quarterstaff (chaos)
rCold   . . .      Faith    .   (shield currently unavailable)
rNeg    . . .      Spirit   .   (helmet restricted)
rPois   .          Reflect  .   (no amulet)
rElec   .          Harm     .   (no ring)
rCorr   .          Rampage  .   (no ring)
Will    .....                   (no ring)
Stlth   +++.......              (no ring)
HPRegen 0.12/turn               (no ring)
MPRegen 0.12/turn               (no ring)
                                (no ring)
                                (no ring)

@: no status effects
A: almost no armour, amphibious, 8 rings, camouflage 1, gelatinous body 1,
(nimble swimmer 1), tentacles
a: no special abilities


You were on level 3 of the Dungeon.
You visited 1 branch of the dungeon, and saw 3 of its levels.

You collected 150 gold pieces.

Inventory:

Hand Weapons
 h - a +0 short sword
 l - a +4 quarterstaff of chaos (weapon)
Missiles
 m - a throwing net (quivered)
Scrolls
 b - 2 scrolls of teleportation {unknown}
 d - 6 scrolls of identify {unknown}
 f - a scroll of acquirement {unknown}
 j - a scroll of fog {unknown}
Potions
 a - a potion of flight {unknown}
 c - 2 potions of curing {unknown}
 e - a potion of magic {unknown}
 g - a potion of heal wounds {unknown}
 i - 3 potions of ambrosia {unknown}
 k - a potion of brilliance {unknown}


   Skills:
 + Level 0.2 Fighting
 + Level 2.0 Short Blades
 + Level 0.6 Staves
 + Level 2.2 Dodging
 + Level 4.1 Stealth
 + Level 0.5 Unarmed Combat
 + Level 2.9 Spellcasting
 + Level 2.3 Conjurations
 + Level 4.3 Fire Magic


You had 3 spell levels left.
You knew the following spells:

 Your Spells              Type           Power      Damage    Failure   Level
a - Foxfire               Conj/Fire      60%        2x1d7     4%          1
b - Conjure Flame         Conj/Fire      15%        6-21      12%         3
c - Inner Flame           Hex/Fire       11%        N/A       19%         3

Your spell library contained the following spells:

 Spells                   Type           Power      Damage    Failure   Level
 Scorch                   Fire           38%        2d7       3%          2
 Flame Wave               Conj/Fire      15%        3d5       36%         4


Dungeon Overview and Level Annotations

Branches:
Dungeon (3/15)

Altars:
Yredelemnul


Innate Abilities, Weirdness & Mutations

You cannot wear most types of armour.
You are amphibious.
You can wear up to eight rings at the same time.
Your skin changes colour to match your surroundings (Stealth+).
Your rubbery body absorbs attacks. (AC +1, EV +1)
((You are camouflaged near water. (Stealth+)))
You have tentacles for arms and can constrict up to eight enemies at once.


Message History

You kill the frilled lizard!
A kobold comes into view. It is wielding a +0 falchion.
An orc comes into view. It is wielding a +0 flail.
The orc shouts!
An orc comes into view. It is wielding a +0 club.
An orc comes into view. It is wielding a +0 short sword.
An adder comes into view.
An orc comes into view. It is wielding a +0 club.
An adder comes into view.
The adder moves out of view.
Casting: Foxfire (safe; 4% risk of failure)
Confirm with . or Enter, or press ? or * to list all spells.
You conjure some foxfire!
The kobold shouts!
You hear a shout! x2; You hear an angry hiss.
Unknown command.
The foxfire hits the kobold but does no damage.
The foxfire hits the kobold.
The kobold is severely wounded.
Unknown command.
You closely miss the kobold. Your grab misses the kobold.
The kobold is severely wounded.
The kobold hits you with a +0 falchion.
Unknown command.
You barely miss the kobold. Your grab misses the kobold.
Your squeeze misses the kobold.
The kobold is severely wounded.
The kobold hits you with a +0 falchion! x2
Unknown command.
You hit the kobold.
You kill the kobold!
Unknown command.
The orc hits you with a +0 flail!
* * * LOW HITPOINT WARNING * * *
The orc hits you with a +0 flail.
* * * LOW HITPOINT WARNING * * *
You see here a +0 whip.
There is an escape hatch in the ceiling here.
There is a stone staircase leading up here.
The orc hits you with a +0 flail!
You die...

#####.....#### #.# #....##
####.#### # #.#.## #.......#
#.# #o#.# #.#####.# #.# #.#.# #
#.# ..# #o#.# #.# #### #S#.#
#.# .).############o#.#
#.#####.# ##.#.........#..@.#
#.......# ##.#.#######.#..###
######.## ##..............# #.#
####.#######.#.##############.#
####.# #....................#
.....# #.#.#.################
####.# #.#.#.# ####.# #.#.#.#
.....# #.#.#.#


You could see an adder and 3 orcs.

Vanquished Creatures
  A phantom (D:2)
  An orc priest (D:3)
  Crazy Yiuf (D:2)
  An orc wizard (D:3)
  3 adders
  2 worms
  2 dart slugs (D:1)
  3 orcs (D:3)
  4 endoplasms
  3 giant cockroaches (D:2)
  4 goblins
  8 hobgoblins
  A quokka (D:2)
  5 ball pythons
  3 bats
  5 frilled lizards
  9 kobolds
  4 rats
60 creatures vanquished.

Vanquished Creatures (others)
  152 foxfires
152 creatures vanquished.

Grand Total: 212 creatures vanquished

Notes
Turn   | Place    | Note
-------+----------+-------------------------------------------
     0 | D:1      | Conn the Octopode Fire Elementalist began the quest for the
                  | Orb.
     0 | D:1      | Reached XP level 1. HP: 11/11 MP: 3/3
   121 | D:1      | Reached XP level 2. HP: 17/17 MP: 0/5
   219 | D:1      | Found a faded altar of an unknown god.
  1015 | D:1      | Found a basalt altar of Yredelemnul.
  1200 | D:2      | Reached XP level 3. HP: 15/21 MP: 3/6
  1355 | D:2      | Noticed a phantom
  1366 | D:2      | Killed a phantom
  1367 | D:2      | Reached XP level 4. HP: 27/27 MP: 1/7
  1608 | D:2      | Reached XP level 5. HP: 15/31 MP: 5/8
  2264 | D:2      | Found a runed translucent door.
  2265 | D:2      | Noticed Crazy Yiuf
  2283 | D:2      | Killed Crazy Yiuf
  2284 | D:2      | Reached skill level 1 in Short Blades
  2787 | D:3      | Reached XP level 6. HP: 28/36 MP: 10/10
  3178 | D:3      | Learned a level 3 spell: Conjure Flame
  3182 | D:3      | Learned a level 3 spell: Inner Flame
  3242 | D:3      | Slain by an orc

Illustrated notes

Levels and vault maps discovered:
D:1:      dpeg_arrival_lava_altar, layout_basic, serial_rivers,
          chequers_serial_rivers_marsh, chequers_serial_rivers_large_a,
          chequers_serial_rivers_small_a, chequers_serial_rivers_small_3,
          chequers_serial_rivers_room_b, dreamdust_ecumenical_altar_grove
D:2:      layout_loops_corners, uniq_crazy_yiuf_cottage
D:3:      layout_loops_ring, makhleb_altar_promises_db

Skill      XL: |  1  2  3  4  5 |
---------------+----------------+-----
Stealth        | 3 4 |  4.1
Fire Magic     | 4 |  4.3
Conjurations   | 2 |  2.3
Short Blades   | 2 |  2.0
Fighting       | |  0.2
Staves         | |  0.6
Dodging        | |  2.2
Unarmed Combat | |  0.5
Spellcasting   | |  2.9

Action                   |  1- 3 |  4- 6 || total
-------------------------+-------+-------++-------
Melee: Unarmed           |    12 |       ||    12
       Constrict         |     6 |     5 ||    11
       Tentacles         |     2 |     5 ||     7
       Short sword       |     2 |    12 ||    14
       Quarterstaff      |       |    20 ||    20
Throw: Throwing net      |       |     1 ||     1
 Cast: Foxfire           |    38 |    49 ||    87
 Stab: Sleeping          |     3 |     4 ||     7
Armor: Skin              |     1 |     3 ||     4
Dodge: Dodged            |    13 |    31 ||    44

Table legend: (Time is in decaauts)
 A = Elapsed time spent in this place.
 B = Non-inter-level travel time spent in this place.
 C = Inter-level travel time spent in this place.
 D = Time resting spent in this place.
 E = Time spent auto-exploring this place.
 F = Levels seen in this place.
 G = Mean time per level.
                   A        B        C        D        E       F      G
               +--------+--------+--------+--------+--------+-----+--------+
         Total |   3247 |   3197 |     50 |      0 |   2517 |   3 | 1082.3 |
       Dungeon |   3247 |   3197 |     50 |      0 |   2517 |   3 | 1082.3 |
               +--------+--------+--------+--------+--------+-----+--------+

Top non-repeatable levels by time:
     D:2: 1556 daAuts
     D:1: 1045 daAuts
     D:3: 645 daAuts
